Workbook
Name RESPUESTASINO: 'Hoja 1 variables'!$B$2:$B$3
Name unocero: '[1]Hoja 1 variables'!$C$2:$C$3

Sheet 1.Carta y exp habilitante
A1: PROPONENTE | B1: UNION TEMPORAL RED IRIS
A4: CARTA DE PRESENTACIÓN DE LA PROPUESTA
A6: MIEMBROS DEL PROPONENTE PLURAL: | B6: PORCENTAJE DE PARTICIPACIÓN | D6: ACREDITA LA EXPERIENCIA
A7: BT Latam Colombia S.A. | B7: 0.5 | D7: SI
A8: Hughes de Colombia S.A.S. | B8: 0.5 | D8: SI
A11: 1. CONSIDERACIONES PARA LA ACREDITACIÓN DE LA EXPERIENCIA CON CONTRATOS EN EJECUCIÓN
A12: No. de contratos con los cuales se acredita la experiencia | C12: No. de contratos terminados | E12: No. máximo de contratos en ejecución | G12: Equivalencia entre contratos terminados y contratos en ejecución | J12: REGION
A13: =+C13+E13 -> 10 | C13: =+'2. Exp habilitante EJECUTADA'!A20 -> 5 | E13: =+'3. Exp habilitante EN EJEC'!A18 -> 5 | G13: =IF(AND(C13>=E13,A13<=10),1,0) -> 1 | J13: A
A14: =+C14+E14 -> 8 | C14: =+'2. Exp habilitante EJECUTADA'!A21 -> 8 | E14: =+'3. Exp habilitante EN EJEC'!A19 -> 0 | G14: =IF(AND(C14>=E14,A14<=10),1,0) -> 1 | J14: B
A16: 2. EXPERIENCIA COMO REQUISITO HABILITANTE
A17: Valor acreditado en SMMLV por los contratos válidos de acuerdo a los requisitos habilitantes del numeral 5.3. del Pliego de Condiciones region A | I17: =+'2. Exp habilitante EJECUTADA'!Q19+'3. Exp habilitante EN EJEC'!O17 -> 0
A18: Valor acreditado en SMMLV por los contratos válidos de acuerdo a los requisitos habilitantes del numeral 5.3. del Pliego de Condiciones region B | I18: =+'2. Exp habilitante EJECUTADA'!Q20 -> 29620.793
A21: Requisito mínimo habilitante en SMMLV | H21: Cumple con el requisito mínimo habilitante?
A22: REGION | D22: SMMLV POR REGION | H22: =+IF($I$17+I18>=$D$23,1,0) -> 0
A23: • Presentar propuesta por un mismo proponente para ambas regiones (Región A y Región B), con la opción excepcional de ser adjudicatario de las dos regiones, | D23: =VLOOKUP(A23,'Hoja 1 variables'!H4:K9,4,FALSE) -> 243576.26
A25: 3. REQUISITOS HABILITANTES
A26: CUMPLE CON LOS REQUISITOS HABILITANTES? | H26: =+IF(SUM(H22,G14,G13)=3,1,0) -> 0

Sheet 2. Exp habilitante EJECUTADA
A1: PROPONENTE | C1: =+'1.Carta y exp habilitante'!B1:K1 -> 0
A4: # Contrato | B4: Miembro que reporta la Experiencia | C4: Contrato Nacional o extranjero | D4: Consecutivo RUP | E4: Clasificación UNSPSC 81161700 81112100 83111600 | F4: Entidad Contratante | G4: 1) instalación de infraestructura de telecomunicaciones* u; 2) operación de infraestructura de telecomunicaciones* o; 3) instalación y operación de infraestructura de telecomunicaciones* o; 4) prestación del servicio de acceso público a Internet mediante zonas WiFi o; 5) ejecución de contratos que abarquen una red compuesta de accesos conectados a Internet a través de tecnología satelital. * Entre la infraestructura de telecomunicaciones no se entenderán incluidos los circuitos cerrados de televisión. Para efectos del presente proceso de selección se entenderá por Infraestructura de Telecomunicaciones: “Los Soportes físicos y lógicos que permiten el transporte de los servicios de telecomunicaciones entre dos puntos de la red.” Definición Comisión Europea. | H4: Fecha de Inicio | I4: Fecha de terminación | J4: Forma de ejecución | L4: Moneda del contrato Contrato. Si la moneda del contrato es diferente al dólar https://www1.oanda.com/lang/es/currency/converter/. | M4: valor en dolares | N4: Valor del Contrato COP | O4: SMMLV del año de terminación del contrato | P4: Valor del Contrato en SMMLV | Q4: RUP | U4: CERTIFICACION | AA4: CONTRATO VÁLIDO PARA HABILITAR | AB4: OBSERVACIONES
J5: I, C, UT | K5: % | Q5: Valor del Contrato en SMMLV (RUP) con % de participación | R5: Nombre del contratista (RUP) | S5: Nombre del contratante (RUP) | T5: Porcentaje de participación en el valor ejecutado en caso de consorcios y uniones temporales (RUP) | U5: Objeto del Contrato. | V5: Actividades y /o obligaciones | W5: Identificación y cargo de la persona facultada para expedirla. | X5: Si la certificación incluye varios contratos, se debe identificar en forma precisa si se trata de adiciones, prórrogas u otrosíes al principal o son contratos diferentes, indicando en cada uno de ellos sus plazos y valor. | Y5: Fecha de suscripción o de iniciación del Contrato. | Z5: Fecha de terminación de los contratos ejecutados y terminados dentro de los diez (10) años anteriores a la fecha de cierre del presente proceso de selección
A6: 1 | B6: Bt Latam Colombia S.A. | C6: Nacional | D6: 13 | E6: 81161700 81112100 | F6: Ecopetrol S.A. | G6: Suministro, instalación y soporte de una solución de almacenamiento NETAPP FAS3240 de 130TB sas efectivos, incluye soporte, operación y mantenimiento por 6 meses para Ecopetrol. | H6: 41124 | I6: 41471 | J6: I | K6: 1 | L6: Dolares USD | M6: 735551 | N6: =M6*1893.16 -> 1.3925157e+09 | O6: 589500 | P6: =+N6/O6 -> 2362.198 | Q6: 53413.08 | R6: BT LATAM COLOMBIA S A | S6: ECOPETROL S.A. | T6: 1 | U6: 0 | V6: 0 | W6: 0 | X6: 0 | Y6: 1 | Z6: 1 | AA6: 0 | AB6: REGION A Se solicita aclaración por la diferencia que se presenta en el valor del contrato reportado en el anexo 7, convertido a SMLMV del 2013, y el valor en SMLMV reportado en el RUP. El objeto no cumple con lo establecido en el pliego de condiciones en los requisitor minimos habilitantes, donde se solicita que: " El objeto o las obligaciones de los contratos aportados deberá contener actividades de: 1) instalación de infraestructura de telecomunicaciones* u; 2) operación de infraestructura de telecomunicaciones* o; 3) instalación y operación de infraestructura de telecomunicaciones* o; 4) prestación del servicio de acceso público a Internet mediante zonas WiFi o; 5) ejecución de contratos que abarquen una red compuesta de accesos conectados a Internet a través de tecnología satelital. * Entre la infraestructura de telecomunicaciones no se entenderán incluidos los circuitos cerrados de televisión. Para efectos del presente proceso de selección se entenderá por Infraestructura de Telecomunicaciones: “Los Soportes físicos y lógicos que permiten el transporte de los servicios de telecomunicaciones entre dos puntos de la red.” Definición Comisión Europea." | AC6: A
A7: 1 | B7: Bt Latam Colombia S.A. | C7: Nacional | D7: 15 | E7: 81161700 | F7: Ecopetrol S.A. | G7: Servicios de diseño, instalación, configuración, migración de datos, entrega a la operación, administración y soporte técnico de la solución de almacenamiento de datos. | H7: 41607 | I7: 41727 | J7: I | K7: 1 | L7: Dolares USD | M7: 349528.45 | N7: =M7*1965.32 -> 6.8693525e+08 | O7: 616000 | P7: =+N7/O7 -> 1115.1546 | Q7: 9008.69 | R7: BT LATAM COLOMBIA S A | S7: ECOPETROL S.A. | T7: 1 | U7: 0 | V7: 0 | W7: 0 | X7: 0 | Y7: 1 | Z7: 0 | AA7: 0 | AB7: REGION A El NIT que se encuentra en la certificacion no coincide con el que se cuentra en el RUP, sin embargo en la minuta del contrato que adjunta si es correcto el NIT, es decir coincide con el del RUP. Se solicita aclaración por la diferencia que se presenta el valor del contrato reportado en el anexo 7, convertido a SMLMV del 2014, y el valor en SMLMV reportado en el RUP. En la certificación no se evidencian actividades relacionadas, en la minuta del contrato se hace referencia a un documento de especificaciones tecnicas el cual no se encuentra dentro de la información allegada. El objeto no cumple con lo establecido en el pliego de condiciones en los requisitor minimos habilitantes, donde se solicita que: " El objeto o las obligaciones de los contratos aportados deberá contener actividades de: 1) instalación de infraestructura de telecomunicaciones* u; 2) operación de infraestructura de telecomunicaciones* o; 3) instalación y operación de infraestructura de telecomunicaciones* o; 4) prestación del servicio de acceso público a Internet mediante zonas WiFi o; 5) ejecución de contratos que abarquen una red compuesta de accesos conectados a Internet a través de tecnología satelital. * Entre la infraestructura de telecomunicaciones no se entenderán incluidos los circuitos cerrados de televisión. Para efectos del presente proceso de selección se entenderá por Infraestructura de Telecomunicaciones: “Los Soportes físicos y lógicos que permiten el transporte de los servicios de telecomunicaciones entre dos puntos de la red.” Definición Comisión Europea." No cumple con lo solicitado en el pliego en los requisitos habilitantes minimos, donde se solicita que: "… e) Identificación y cargo de la persona facultada para expedirla. La certificación debe venir suscrita por la persona que ejerza la representación legal del emisor, o por aquel que tenga las facultades para expedirla. Así mismo, debe venir acompañada de los datos de contacto de quien certifica (teléfono, correo electrónico y dirección) o en su defecto, el proponente podrá informar los datos de contacto en documento anexo a la propuesta.." El certificado es anterior a la fecha de terminación. | AC7: A
A8: 1 | B8: Bt Latam Colombia S.A. | C8: Nacional | D8: 3 | E8: 81161700 81112100 | F8: Axure Technologies S.A. | G8: Prestación de servicios de telecomunicaciones comprendiendo la instalación, configuración y mantenimiento del equipamiento requerido para la prestación del servicio. | H8: 40391 | I8: 41122 | J8: I | K8: 1 | L8: Dolares USD | M8: 1500000 | N8: =M8*1790.74 -> 2686110000 | O8: 566700 | P8: =+N8/O8 -> 4739.9153 | Q8: 6785.63 | R8: BT LATAM COLOMBIA S A | S8: AXURE TECHNOLOGIES S.A | T8: 1 | U8: 0 | V8: 0 | W8: 0 | X8: 0 | Y8: 0 | Z8: 0 | AA8: 0 | AB8: REGION A No se encuentra certificacion para poder realizar la validacion de la información. Se solicita aclaración por la diferencia que se presenta en el valor del contrato reportado en el anexo 7, convertido a SMLMV del 2012, y el valor en SMLMV reportado en el RUP. | AC8: A
A9: 1 | B9: Bt Latam Colombia S.A. | C9: Nacional | D9: 26 | E9: 81161700 | F9: Servicios Nutresa S.A.S. | G9: Solución de telecomunicaciones en modalidad administrada, que le permite contar a Grupo Nutresa con una mejor visibilidad entre todas sus sedes y prestar servicios de conectividad de datos, voz, video e Internet de acuerdo a los estándares, funcionalidades, requerimientos técnicos, SLA´s, soporte y gestión especificados, desarrollados y sustentados en los anexos del contrato. | H9: 41243 | I9: 42338 | J9: I | K9: 1 | L9: Dolares USD | M9: 759348 | N9: =M9*3101.1 -> 2.3548141e+09 | O9: 644350 | P9: =+N9/O9 -> 3654.5574 | Q9: 3654.55 | R9: BT LATAM COLOMBIA S A | S9: SERVICIOS NUTRESA S.A.S. | T9: 1 | U9: 1 | V9: 1 | W9: 1 | X9: 0 | Y9: 1 | Z9: 1 | AA9: 0 | AB9: REGION A La fecha de finalizacion de la certificación es 30 de noviembre de 2015 y la certificacion tiene fecha de expedicion del 03 de julio de 2014, se requiere actualizar la certificación toda vez que esta se expidio cuando estaba en curso el contrato. | AC9: A
A10: 1 | B10: Bt Latam Colombia S.A. | C10: Nacional | D10: 9 | E10: 81161700 81112100 | F10: Proleche S.A. | G10: Servicios de transmisión de Datos, Videoconferencia, uplink de videos, otros servicios, (Centros de acopio, colocation, web page hosting, plataforma firewall, hosting dedicado, proxy server, software de inventario, red nacional) | H10: 40350 | I10: 41639 | J10: I | K10: 1 | L10: N/A | M10: N/A | N10: 1353094320 | O10: 589500 | P10: =+N10/O10 -> 2295.3254 | Q10: 1966.27 | R10: BT LATAM COLOMBIA S A | S10: PROLECHE S.A. | T10: 1 | U10: 1 | V10: 1 | W10: 1 | X10: 0 | Y10: 1 | Z10: 1 | AA10: 0 | AB10: REGION A Se solicita aclaración por la diferencia que se presenta en el valor del contrato reportado en el anexo 7, convertido a SMLMV del 2013, y el valor en SMLMV reportado en el RUP. | AC10: A
A11: 1 | B11: Hughes de Colombia S.A.S. | C11: Extranjero | D11: N/A | E11: 81112100 | F11: U.S. Dept of Agriculture Rural Utilities Service | G11: Proporcionar servicios de Internet satelital de banda ancha a áreas rurales desatendidas de los Estados Unidos | H11: 40445 | I11: 41802 | J11: I | K11: 1 | L11: Dolares USD | M11: 56937653 | N11: =M11*1884.63 -> 1.0730641e+11 | O11: 616000 | P11: =+N11/O11 -> 174198.72 | Q11: =+P11 -> 174198.72 | R11: N/A | S11: N/A | T11: N/A | U11: 1 | V11: 1 | W11: 0 | X11: 0 | Y11: 1 | Z11: 1 | AA11: 0 | AB11: La certificación presentada no viene firmada. Por otro lado la certificación no cumple con lo solicitado en el pliego de condiciones, de conformidad con lo establecido en el numeral 2.4. IDIOMA Y LEGALIZACIÓN DE DOCUMENTOS OTORGADOS EN EL EXTERIOR “(.)Los documentos en idioma distinto al castellano deben ser presentados en su lengua original junto con la traducción simple al castellano y entregar la traducción oficial al castellano dentro del plazo previsto para la subsanación. La traducción oficial debe ser el mismo texto presentado con la traducción simple (.) Para efectos del trámite de apostilla o legalización de documentos públicos otorgados en el exterior, debe estarse a lo establecido en la Resolución No. 1959 del 03 de agosto de 2020 “Por la cual se dictan disposiciones en materia de apostillas y de legalizaciones de documentos y se deroga la Resolución 10547 del 14 de diciembre de 2018” expedida por el Ministerio de Relaciones Exteriores (.)" por lo cual deberá aportarse la correspondiente traducción oficial en los términos planteados en los pliegos de condiciones. | AC11: B
A12: 1 | B12: Bt Latam Colombia S.A. | C12: Nacional | D12: 23 | E12: 81161700 81112100 83112100 | F12: Ecopetrol S.A. | G12: Prestación de los servicios de comunicaciones por parte del Contratista sobre la infraestructura computacional y/o de telecomunicaciones de propiedad y/o a cargo de Ecopetrol. | H12: 40738 | I12: 41639 | J12: UT | K12: 0.7 | L12: N/A | M12: N/A | N12: =51675195508*0.7 -> 3.6172637e+10 | O12: 589500 | P12: =+N12/O12 -> 61361.555 | Q12: =155322.1*T12 -> 108725.47 | R12: UNION TEMPORAL BT COM | S12: Ecopetrol S.A. | T12: 0.7 | U12: 1 | V12: 1 | W12: 1 | X12: 0 | Y12: 1 | Z12: 1 | AA12: 0 | AB12: REGION B Se solicita aclaración por la diferencia que se presenta en el valor del contrato reportado en el anexo 7, convertido a SMLMV del 2013, y el valor en SMLMV reportado en el RUP. | AC12: B
A13: 1 | B13: Bt Latam Colombia S.A. | C13: Nacional | D13: 12 | E13: 81161700 81112100 | F13: Ecopetrol S.A. | G13: Servicio de colocación de infraestructura TIC en (2) jaulas de Datacenter en Zona Franca con el fin de garantizar la capacidad instalada y los crecimientos que presente Ecopetrol S.A. y su grupo empresarial. | H13: 40808 | I13: 41992 | J13: I | K13: 1 | L13: Dolares USD | M13: N/A | N13: 27912123950 | O13: 616000 | P13: =+N13/O13 -> 45311.89 | Q13: 26149.47 | R13: BT LATAM COLOMBIA S A | S13: Ecopetrol S.A. | T13: 1 | U13: 0 | V13: 0 | W13: 1 | X13: 0 | Y13: 1 | Z13: 1 | AA13: 0 | AB13: REGION B Se solicita aclaración por la diferencia que se presenta en el valor del contrato reportado en el anexo 7, convertido a SMLMV del 2014, y el valor en SMLMV reportado en el RUP. En la certificacion, el Contrato MA-0001305 se ve como representantes personas que no aparecen en el RUP El objeto no cumple con lo establecido en el pliego de condiciones en los requisitor minimos habilitantes, donde se solicita que: " El objeto o las obligaciones de los contratos aportados deberá contener actividades de: 1) instalación de infraestructura de telecomunicaciones* u; 2) operación de infraestructura de telecomunicaciones* o; 3) instalación y operación de infraestructura de telecomunicaciones* o; 4) prestación del servicio de acceso público a Internet mediante zonas WiFi o; 5) ejecución de contratos que abarquen una red compuesta de accesos conectados a Internet a través de tecnología satelital. * Entre la infraestructura de telecomunicaciones no se entenderán incluidos los circuitos cerrados de televisión. Para efectos del presente proceso de selección se entenderá por Infraestructura de Telecomunicaciones: “Los Soportes físicos y lógicos que permiten el transporte de los servicios de telecomunicaciones entre dos puntos de la red.” Definición Comisión Europea." | AC13: B
A14: 1 | B14: Hughes de Colombia S.A.S. | C14: Extranjero | D14: N/A | E14: 81112100 | F14: Grupo W Com, S.A. de CV | G14: Ejecución de un contrato que involucra al menos 5.000 sitios conectados a Internet a través de tecnología satelital. | H14: 41871 | I14: 43616 | J14: I | K14: 1 | L14: Dolares USD | M14: 4991356 | N14: =M14*3357.82 -> 1.6760075e+10 | O14: 828116 | P14: =+N14/O14 -> 20238.801 | Q14: =+P14 -> 20238.801 | R14: N/A | S14: N/A | T14: N/A | U14: 1 | V14: 1 | W14: 1 | X14: 1 | Y14: 1 | Z14: 1 | AA14: 1 | AB14: REGION B | AC14: B
A15: 1 | B15: Hughes de Colombia S.A.S. | C15: Extranjero | D15: N/A | E15: 81112100 | F15: JSC RTComm.Ru | G15: Ejecución de un contrato que involucra al menos 5.000 sitios conectados a Internet a través de tecnología satelital. | H15: 42523 | I15: 44012 | J15: I | K15: 1 | L15: Dolares USD | M15: 4047247 | N15: =M15*3758.91 -> 1.5213237e+10 | O15: 877802 | P15: =+N15/O15 -> 17331.058 | Q15: N/A | R15: N/A | S15: N/A | T15: N/A | U15: 0 | V15: 0 | W15: 1 | X15: 0 | Y15: 1 | Z15: 0 | AA15: 0 | AB15: REGION B No es posible establecer la fecha de finalización, toda ves que la certificacion tiene fecha de expedicion 11 de marzo 2020. se requiere actualizar la certificación toda vez que esta se expidio cuando estaba en curso el contrato. No se evidencia claramanete en la certificación lo solicitado en el pliego de condiciones en los requisitos habilitantes donde se solicita: "... El objeto o las obligaciones de los contratos aportados deberá contener actividades de: 1) instalación de infraestructura de telecomunicaciones* u; 2) operación de infraestructura de telecomunicaciones* o; 3) instalación y operación de infraestructura de telecomunicaciones* o; 4) prestación del servicio de acceso público a Internet mediante zonas WiFi o; 5) ejecución de contratos que abarquen una red compuesta de accesos conectados a Internet a través de tecnología satelital. ..." . | AC15: B
A16: 1 | B16: Bt Latam Colombia S.A. | C16: Nacional | D16: N/A | F16: Cementos Argos S.A. | G16: Servicios de comunicaciones, para la transmisión de datos, videoconferencia y voz en modalidad de outsourcing para la interconexión de los diferentes sitios que forman su red (WAN) | H16: 41191 | I16: 42316 | J16: I | K16: 1 | L16: Dolares USD | M16: 4405344 | N16: =M16*2896.19 -> 1.2758713e+10 | O16: 644350 | P16: =+N16/O16 -> 19800.905 | Q16: No se encuentra registrado en el RUP | R16: No se encuentra registrado en el RUP | S16: No se encuentra registrado en el RUP | T16: No se encuentra registrado en el RUP | U16: 1 | V16: 1 | W16: 0 | X16: 0 | Y16: 1 | Z16: 0 | AA16: 0 | AB16: REGION B No se encuentra este contrato registrado en el RUP. La certificación tiene fecha de expedición del 11 de abril de 2013 y según la misma certificación la fecha de terminación del contrato es 08/11/2015 No cumple con lo solicitado en el pliego en los requisitos habilitantes minimos, donde se solicita que: "… e) Identificación y cargo de la persona facultada para expedirla. La certificación debe venir suscrita por la persona que ejerza la representación legal del emisor, o por aquel que tenga las facultades para expedirla. Así mismo, debe venir acompañada de los datos de contacto de quien certifica (teléfono, correo electrónico y dirección) o en su defecto, el proponente podrá informar los datos de contacto en documento anexo a la propuesta..". | AC16: B
A17: 1 | B17: Hughes de Colombia S.A.S. | C17: Extranjero | D17: N/A | E17: 81112100 81161700 | F17: KBZ Gateway Company Limited | G17: La ejecución de un contrato que involucra instalaciones conectadas a la Internet por medio de tecnología satelital. | H17: 42223 | I17: 43318 | J17: I | K17: 1 | L17: Dolares USD | M17: 2528331 | N17: =M17*2898.99 -> 7.3296063e+09 | O17: 781242 | P17: =+N17/O17 -> 9381.9921 | Q17: =+P17 -> 9381.9921 | R17: N/A | S17: N/A | T17: N/A | U17: 1 | V17: 1 | W17: 1 | X17: 1 | Y17: 1 | Z17: 1 | AA17: 1 | AB17: REGION B | AC17: B
A18: 1 | B18: Hughes de Colombia S.A.S. | C18: Extranjero | D18: N/A | E18: 81112100 | F18: Altegro Engineering, LLC | G18: Ejecución de un contrato que involucra al menos 5.000 sitios conectados a internet a través de tecnología satelital. | H18: 43251 | I18: 43982 | J18: I | K18: 1 | L18: Dolares USD | M18: 1299810 | N18: =M18*3718.82 -> 4.8337594e+09 | O18: 877802 | P18: =+N18/O18 -> 5506.6626 | Q18: N/A | R18: N/A | S18: N/A | T18: N/A | U18: 0 | V18: 0 | W18: 1 | X18: 0 | Y18: 1 | Z18: 1 | AA18: 0 | AB18: REGION B este certificacion tiene fecha de expedicion del 28 de febrero de 2020, sin embargo la fecha de culminacion en la certificacion es 31 de Mayo de 2020 La certificacion incluye 2 contratos, sin embargo solo se relaciona 1 de ellos en el anexo 7 La certificación es sobre suministro de equipos y no permite evidenciar lo solicitado en el pliego de condiciones en los requisitos habilitantes donde se solicita: "... El objeto o las obligaciones de los contratos aportados deberá contener actividades de: 1) instalación de infraestructura de telecomunicaciones* u; 2) operación de infraestructura de telecomunicaciones* o; 3) instalación y operación de infraestructura de telecomunicaciones* o; 4) prestación del servicio de acceso público a Internet mediante zonas WiFi o; 5) ejecución de contratos que abarquen una red compuesta de accesos conectados a Internet a través de tecnología satelital. ..." | AC18: B
Q19: =+SUMPRODUCT($Q$6:$Q$10,$AA$6:$AA$10) -> 0
A20: =+A6+A7+A8+A9+A10 -> 5 | Q20: =+SUMPRODUCT($Q$11:$Q$18,$AA$11:$AA$18) -> 29620.793
A21: =SUM(A11:A18) -> 8

Sheet 3. Exp habilitante EN EJEC
A1: PROPONENTE | C1: =+'1.Carta y exp habilitante'!B1:K1 -> 0
A4: # Contrato | B4: Miembro que reporta la Experiencia | C4: Contrato Nacional o extranjero | D4: Entidad Contratante | E4: 1) instalación de infraestructura de telecomunicaciones* u; 2) operación de infraestructura de telecomunicaciones* o; 3) instalación y operación de infraestructura de telecomunicaciones* o; 4) prestación del servicio de acceso público a Internet mediante zonas WiFi o; 5) ejecución de contratos que abarquen una red compuesta de accesos conectados a Internet a través de tecnología satelital. * Entre la infraestructura de telecomunicaciones no se entenderán incluidos los circuitos cerrados de televisión. Para efectos del presente proceso de selección se entenderá por Infraestructura de Telecomunicaciones: “Los Soportes físicos y lógicos que permiten el transporte de los servicios de telecomunicaciones entre dos puntos de la red.” Definición Comisión Europea.ç | F4: Fecha de Inicio | G4: Tiempo de operación del contrato. | H4: Forma de ejecución | J4: Moneda del contrato Contrato. Si la moneda del contrato es diferente al dólar https://www1.oanda.com/lang/es/currency/converter/. | K4: valor en dolares | L4: Valor del Contrato COP | M4: Valor ejecutado por el Contratista. La fecha de corte para calcular el monto ejecutado deberá constar en la certificación y tendrá que ser anterior o coincidir con la fecha de expedición de dicha certificación. | N4: SMMLV | O4: Valor del Contrato en SMMLV | P4: CERTIFICACION | V4: CONTRATO VÁLIDO PARA HABILITAR | W4: OBSERVACIONES
H5: I, C, UT | I5: % | P5: Objeto del Contrato. | Q5: Actividades y /o obligaciones | R5: Identificación y cargo de la persona facultada para expedirla. La certificación debe venir suscrita por la persona que ejerza la representación legal del emisor, o por aquel que tenga las facultades para expedirla. Así mismo, debe venir acompañada de los datos de contacto de quien certifica (teléfono, correo electrónico y dirección) o en su defecto, el proponente podrá informar los datos de contacto en documento anexo a la propuesta. | S5: Si la certificación incluye varios contratos, se debe identificar en forma precisa si se trata de adiciones, prórrogas u otrosíes al principal o son contratos diferentes, indicando en cada uno de ellos sus plazos (fecha de suscripción y/o de inicio del contrato y, tiempo de operación del contrato) y valor. Si la certificación incluye el Contrato principal con sus adiciones, prórrogas u otrosíes, se entenderá como un solo Contrato certificado. | T5: Fecha de suscripción o de iniciación del Contrato. | U5: Indicar expresamente que los tres (3) años de operación a cargo del contratista, de acuerdo con el concepto del contratante, ha sido satisfactoria en cuanto al cumplimiento de los indicadores de calidad y niveles de servicio.
A6: 1 | B6: Hughes de Colombia S.A.S. | C6: Extranjero | D6: BCS Investments LLC | E6: La instalación y operación de infraestructura de telecomunicaciones; La ejecución de un contrato que involucra sitios conectados a Internet por vía de tecnología satelital. | F6: 40580 | H6: I | I6: 1 | J6: Dólar USD | K6: 42764897 | N6: =+'Hoja 1 variables'!E$16 -> 877802 | O6: =+M6/N6 -> 0 | P6: La instalación y operación de infraestructura de telecomunicaciones; La ejecucion de un contrato que involucra sitios conectados a internet por via de tecnologia satelital. | Q6: Suministro, instalación, adquisición, pruebas, operaciones y mantenimiento de equipos de infraestructura de redes de comunicaciónes satelitales de banda Ka y las operaciones y el mantenimiento periodico de dichos equipos y suministro de terminales. | R6: Farhad Noormohamed Khan Gerente General 13/09/2020 fkhan@yahclick.com Plot p2, AL FALAH-SWEIHAN ROAD, OUTSIDE ZAYED MILITARY CITY PO BOX 93693 Abu Dabi, Emiratos Arabes Unidos | S6: N/A | T6: 40580 | U6: A la fecha de la presente certificación, el contratista ha cumplido con sus obligaciones contractuales, y continua suministrando operación y servicios de mantenimiento y suministrando terminales VSAT. La sociedad contratista no ha impuesto multas, ni recaudado o invocado la imposicion de la clausula penal, gravado cualquier poliza o garantia, ni ha declarado la terminacion anticipada del contrato. | V6: 0 | W6: REGION A No cumple con lo solicitado en el pliego de condiciones en los Requisitos Minimos Habilitantes, en las condiciones para la acreditación de experiencia con contratos en ejecución, donde se solicita que: " ...deberán acreditar que dichos contratos llevan en operación satisfactoria al menos tres (3) años. Se entiende por operación satisfactoria la certificación que de cuenta del cumplimiento, de acuerdo con el concepto del contratante, de los Indicadores de Calidad y Niveles de Servicio...." | X6: A
A7: 1 | B7: Bt Latam Colombia S.A. | C7: Nacional | D7: Fondo único de Tecnologías de la Información y las Comunicacio nes | E7: Proyecto Kioscos Vive Digital Fase III en las zonas rurales y apartadas de Colombia | F7: 42368 | G7: 43861 | H7: UT | I7: 0.75 | J7: N/A | K7: N/A | L7: =59427828856*0.75 -> 44570871642 | M7: =59427828856*0.75 -> 44570871642 | N7: =+'Hoja 1 variables'!E$16 -> 877802 | O7: =+M7/N7 -> 50775.541 | P7: Mediante el presente contrato, el contratista se obliga para con el FONDO TIC a implementar el proyecto Kioskos Vive Digital Fase III en las zonas rurales y apartadas de Colombia en la region 1, conformada por los departamentes de: i) Obligatorios: Antioquia, Caldas, Choco, Quindío, Risaralda, Valle del Cauca; ii) Opcionales: Caqueta, cundinamarca, guaviare, huila, Meta, Nariño y Putumayo; de acurdo con la propuesta presentada y los documentos del proceso. | Q7: Mediante el presente contrato, el contratista se obliga para con el FONDO TIC a implementar el proyecto Kioskos Vive Digital Fase III en las zonas rurales y apartadas de Colombia en la region 1, conformada por los departamentes de: i) Obligatorios: Antioquia, Caldas, Choco, Quindío, Risaralda, Valle del Cauca; ii) Opcionales: Caqueta, cundinamarca, guaviare, huila, Meta, Nariño y Putumayo; de acurdo con la propuesta presentada y los documentos del proceso. | R7: Sandra Orjuela Subdirectora de Gestion Contractual 344 3460 ext 4160 | S7: Valor Inicial del contrato: $ 59.427.828.856,00 Otrosi 1, 29-06-2018, prorroga hasta 28-09-2018. Otrosi 2, 26-07-2018, adicion por valor $ 996.666.815,00 Otrosi 3, 31-08-2018, prorroga hasta 30-11-2018, valor Adición $ 4.557.549.500,00 Otrosi 4, 31-10-2018, prorroga hasta 31-12-2018, valor Adición $ 1.522.450.400,00 Otrosi 5, 11-11-2018, prorroga hasta 31-08-2019, valor Adición $ 15.790.877.438,00 Otrosi 6, 31-07-2019, prorroga hasta 31-01-2020, valor Adición $ 8.998.303.241,00 Valor Total del Contrato $ 91.293.676.250,00 | T7: 42368 | U7: No lo indica la certificación | V7: 0 | W7: REGION A No cumple con lo solicitado en el pliego de condiciones en los Requisitos Minimos Habilitantes, en las condiciones para la acreditación de experiencia con contratos en ejecución, donde se solicita que: " ...deberán acreditar que dichos contratos llevan en operación satisfactoria al menos tres (3) años. Se entiende por operación satisfactoria la certificación que de cuenta del cumplimiento, de acuerdo con el concepto del contratante, de los Indicadores de Calidad y Niveles de Servicio....". La entidad evidencia que este es un contrato terminado por lo cual de acuerdo con las reglas de participación debe constar en el RUP para certificar experiencia. | X7: A
A8: 1 | B8: Bt Latam Colombia S.A. | C8: Nacional | D8: Servicios Nutresa S.A.S. | E8: Prestar los servicios de conectividad SD-WAN mediante Tecnología Cisco Intelligent Wan | F8: 43098 | G8: 43830 | H8: I | I8: 1 | J8: N/A | K8: N/A | L8: 26484072120 | M8: 10593628848 | N8: =+'Hoja 1 variables'!E$16 -> 877802 | O8: =+M8/N8 -> 12068.358 | P8: Prestar los servicios de conectividad SD-WAN mediante Tecnología Cisco Intelligent Wan | Q8: suministrar los servicios de acuerdo a lo contratado, cumpliendo con las fechas de ejecucion y acuerdos de servicio pactados. cumplir oportunamente cualquiera de las obligaciones de indole laboral, dedicar los recursos para la implementacion del servicio garantizando la satisfaccion del cliente. el servicio prestado se basa en la solucion ofrecida en la propuesta de servicios aceptada por el cliente el 10 de noviembre de 2017. bt garantizará que toda la infraestructura esta cubierta con el soporte y actualizaciones de software que la tecnologia ofertada requiera para la correcta operacion durante la vigencia del contrato. mantener contacto permanente con el cliente para permitirle evaluar la calidad del servicio. presentar informes del desarrollo del servicio. | R8: Juan Mauricio Montoya Correa Presidente 365 56 00 cra 52 No.2 38 Av. Guayabal Medellin jmmontoya@serviciosnutresa.com | S8: N/A | T8: 43098 | U8: Calidad del servicio: 8 (bueno) | V8: 0 | W8: No cumple con lo solicitado en el pliego de condiciones en los Requisitos Minimos Habilitantes, en las condiciones para la acreditación de experiencia con contratos en ejecución, donde se solicita que: " ...deberán acreditar que dichos contratos llevan en operación satisfactoria al menos tres (3) años. Se entiende por operación satisfactoria la certificación que de cuenta del cumplimiento, de acuerdo con el concepto del contratante, de los Indicadores de Calidad y Niveles de Servicio...." | X8: A
A9: 1 | B9: Bt Latam Colombia S.A. | C9: Nacional | D9: Fondo de Tecnologías de la Información y las Comunicacio nes. | E9: El contratista se obliga para con el FONTIC TIC., a implementar la estrategia de Puntos Digitales Compártel, mediante el desarrollo de actividades que garanticen el acceso a telefónica e internet a comunidades en Zonas Rurales y/o apartadas de los Departamentos de Valle del Cauca, Antioquia, Bolívar, Boyacá, Magdalena, Córdoba, Norte de Santander, y eje Cafetero de acuerdo con el Anexo 1 del presente contrato. | F9: 41271 | G9: 41934 | H9: UT | I9: 0.8 | J9: N/A | K9: N/A | L9: 34644644777 | M9: =43305805972*0.8 -> 3.4644645e+10 | N9: =+'Hoja 1 variables'!E$16 -> 877802 | O9: =+M9/N9 -> 39467.494 | P9: El contratista se obliga para con el FONTIC TIC., a implementar la estrategia de Puntos Digitales Compártel, mediante el desarrollo de actividades que garanticen el acceso a telefónica e internet a comunidades en Zonas Rurales y/o apartadas de los Departamentos de Valle del Cauca, Antioquia, Bolívar, Boyacá, Magdalena, Córdoba, Norte de Santander, y eje Cafetero de acuerdo con el Anexo 1 del presente contrato. | Q9: El contratista se obliga para con el FONTIC TIC., a implementar la estrategia de Puntos Digitales Compártel, mediante el desarrollo de actividades que garanticen el acceso a telefónica e internet a comunidades en Zonas Rurales y/o apartadas de los Departamentos de Valle del Cauca, Antioquia, Bolívar, Boyacá, Magdalena, Córdoba, Norte de Santander, y eje Cafetero de acuerdo con el Anexo 1 del presente contrato. | R9: Humberto Carlos Izquierdo Saavedra Coordinador Grupo de Contratacion 16/02/2016 344 36 60 ext 3026 | S9: N/A | T9: 41271 | U9: No se encuentra | V9: 0 | W9: REGION A De acuerdo con información que reposa en la entidad, el contrato presentado no se encuentra en Ejecución. Por lo cual, al tratarse de un contrato terminado el oferente debe indicarlo en el Anexo 7. | X9: A
A10: 1 | B10: Bt Latam Colombia S.A. | C10: Nacional | D10: Productos Familia S.A. | E10: Red Corporativa MPLS multiVRF, aceleración WAN, gestión y monitoreo LAN/WLAN, solución de videoconferencia mediante la arquitectura de colaboración de Cisco, en alta definición, control de acceso mediante la plataforma Cisco ISE. | F10: 42373 | H10: I | I10: 1 | J10: N/A | K10: N/A | L10: =10387500000 -> 10387500000 | N10: =+'Hoja 1 variables'!E$16 -> 877802 | O10: =+M10/N10 -> 0 | P10: Acorde al Anexo 1 – Propuesta Técnica. Red Corporativa MPLS multiVRF, desplegada mediante arquitectura de sedes Crítica, Normal, y Famitiendas, con cubrimiento en los siguientes países: Colombia, Argentina, Chile, Ecuador, Perú, Republica Dominicana y Puerto Rico. Disponibilidad de red de 99.9%, 99.7% y 99.6%. Aceleración WAN. Gestión y monitoreo LAN / WLAN. Solución de Videoconferencia mediante la arquitectura de colaboración de Cisco, en alta definición. Control de acceso mediante la plataforma Cisco ISE. | Q10: 3.8 a) Realizar todos los trabajos requeridos para la conexión entre los puntos solicitados por el cliente. b) atender oportunamente los requerimientos de servicios del cliente conforme al acuerdo de Niveles de Servicio. En todo caso, cuando el cliente solicite por escrito o correo electrónico, una disponibilidad de servicio, BT responderá al Cliente, por escrito o correo electrónico, a mas tardar dentro de los cinco (5) días hábiles a la solicitud, acerca de la disponibilidad o no del servicio solicitado y el tiempo que requerirá la instalación del mismo. C) informes al cliente las causas de fallas en los servicios, según lo establecido en el acuerdo de niveles de servicio. d) descontar de la facturacion mensual el tiempo en que el enlace contratado se encuentre fuera de servicio, despues del termino de reparación, previsto en el numeral anterior, este descuento sera efectivo cuando los daños sean responsabilidad unica y exclusiva de BT. e) Entregar una disponibilidad de los servicios, según lo acordado en el Acuerdo de Nivel de Servicios. f) Prestar al cliente el servicio de atención a fallas, es decir, de mantenimiento correctivo en la modalidad que pacten las partes en el Acuerdo de Nivel de Servicios y salvo acuerdo en contrario, en la modalidad de 7x24, con el fin de cumplir con la disponibilidad contratada. g) instalar y mantener en correcto estado de funcionamiento todos los equios, materiales, enlaces y demas elementos que requieran para la prestacion de los servicios objeto del presente contrato. h) prestar eficientemente todos los servicios de telecomunicaciones que se describen en el presente contrato y sus anexos, durante el tiempo de ejecución del mismo, sin que haya lugar a terminación o suspensión anticipada, salvo en los casos previstos expresamente en este contrato. | R10: NOMBRE Jhon Fredy Montoya Hernández CARGO Líder de Servicio de Telecomunicaciones TELEFONO (4) 360 97 71 DIRECCION Carrera 50 # 8 Sur – 117. Medellín - Colombia E-MAIL: jhonmh@familia.com.co | S10: N/A | T10: 42373 | U10: No se encuentra | V10: 0 | W10: No cumple con lo solicitado en el pliego de condiciones en los Requisitos Minimos Habilitantes, en las condiciones para la acreditación de experiencia con contratos en ejecución, donde se solicita que: " ...deberán acreditar que dichos contratos llevan en operación satisfactoria al menos tres (3) años. Se entiende por operación satisfactoria la certificación que de cuenta del cumplimiento, de acuerdo con el concepto del contratante, de los Indicadores de Calidad y Niveles de Servicio...." | X10: A
A11: 0 | N11: =+'Hoja 1 variables'!E$16 -> 877802
A12: 0 | N12: =+'Hoja 1 variables'!E$16 -> 877802
A13: 0 | N13: =+'Hoja 1 variables'!E$16 -> 877802
A14: 0 | N14: =+'Hoja 1 variables'!E$16 -> 877802
N15: =+'Hoja 1 variables'!E$16 -> 877802
O17: =+SUMPRODUCT($O$6:$O$15,$V$6:$V$15) -> 0
A18: =SUM(A6:A15) -> 5

Sheet Hoja 1 variables
B2: SI | C2: 1 | D2: Año | E2: SMMLV
B3: NO | C3: 0 | D3: 2008 | E3: 461500 | H3: Region | I3: Presupuesto | J3: En SMMLV | K3: 0.1
D4: 2009 | E4: 496900 | H4: REGION A | I4: 1065474968972 | J4: =+I4/E$16 -> 1213798.7 | K4: =+J4*K$3 -> 121379.87
B5: 100 | D5: 2010 | E5: 515000 | H5: REGION B | I5: 1072552301475 | J5: =+I5/E$16 -> 1221861.3 | K5: =+J5*K$3 -> 122186.13
B6: 0 | D6: 2011 | E6: 535600 | H6: • Presentar propuesta por un mismo proponente para ambas regiones (Región A y Región B), con la opción de ser adjudicatario sólo de una región, | I6: 1072552301475 | J6: =+I6/E$16 -> 1221861.3 | K6: =+J6*K$3 -> 122186.13 | M6: 2138117270447
D7: 2012 | E7: 566700 | H7: • Presentar propuesta por un mismo proponente para ambas regiones (Región A y Región B), con la opción excepcional de ser adjudicatario de las dos regiones, | I7: 2138117270447 | J7: =+I7/E$16 -> 2435762.6 | K7: =+J7*K$3 -> 243576.26
D8: 2013 | E8: 589500 | H8: • Presentarse en dos proponentes diferentes para ambas regiones (Región A y Región B), con la opción excepcional de ser adjudicatario de las dos regiones REGION A | I8: 1065474968972 | J8: =+I8/E$16 -> 1213798.7 | K8: =+J8*K$3 -> 121379.87
H9: • Presentarse en dos proponentes diferentes para ambas regiones (Región A y Región B), con la opción excepcional de ser adjudicatario de las dos regiones REGION B | I9: 1072552301475 | J9: =+I9/E$16 -> 1221861.3 | K9: =+J9*K$3 -> 122186.13
D10: 2014 | E10: 616000
D11: 2015 | E11: 644350 | H11: Región | I11: Puntaje | K11: Puntaje
D12: 2016 | E12: 689454 | H12: Antioquia | I12: 15 puntos: 93 accesos | K12: 15 puntos: 93 accesos
D13: 2017 | E13: 737717
D14: 2018 | E14: 781242 | I14: 30 puntos: 154 accesos | K14: 30 puntos: 154 accesos
D15: 2019 | E15: 828116 | H15: Cundinamarca | I15: 15 puntos: 56 accesos | K15: 15 puntos: 56 accesos
D16: 2020 | E16: 877802
I17: 30 puntos: 93 accesos | K17: 30 puntos: 93 accesos
H18: Sur | I18: 15 puntos: 43 accesos | K18: 15 puntos: 43 accesos
I20: 30 puntos: 71 accesos | K20: 30 puntos: 71 accesos
H21: Eje cafetero | I21: 15 puntos: 36 accesos | K21: 15 puntos: 36 accesos
I23: 30 puntos: 61 accesos | K23: 30 puntos: 61 accesos
H24: Centro-occidente | I24: 15 puntos: 42 accesos | K24: 15 puntos: 42 accesos
I26: 30 puntos: 54 accesos | K26: 30 puntos: 54 accesos
H27: Pacífico | I27: 15 puntos: 31 accesos | K27: 15 puntos: 31 accesos
I29: 30 puntos: 52 accesos | K29: 30 puntos: 52 accesos
H30: Norte | I30: 15 puntos: 42 accesos | K30: 15 puntos: 42 accesos
I32: 30 puntos: 70 accesos | K32: 30 puntos: 70 accesos
H33: Centro-oriente | I33: 15 puntos: 31 accesos | K33: 15 puntos: 31 accesos
I35: 30 puntos: 52 accesos | K35: 30 puntos: 52 accesos
H36: Oriente | I36: 15 puntos: 27 accesos | K36: 15 puntos: 27 accesos
I38: 30 puntos: 45 accesos | K38: 30 puntos: 45 accesos
